 Dungeon Crawl Stone Soup version 0.29-a0-557-g43b9904 (webtiles) character file.

Game seed: 16463210451334483405

380 Illumine the Cudgeller (level 7, 0/60 HPs)
             Began as a Meteoran Fighter on June 8, 2022.
             Was an Initiate of Ru.
             Slain by a gnoll shaman
             ... wielding a +0 whip
              (6 damage)
             ... on level 8 of the Dungeon.
             The game lasted 00:03:35 (1659 turns).

Illumine the Cudgeller (Meteoran Fighter)           Turns: 1659, Time: 00:03:36

Health: 0/60       AC:  6    Str: 20    XL:     7   Next: 25%
Magic:  8/8        EV:  9    Int: 10    God:    Ru [......]
Gold:   166        SH:  5    Dex: 13    Spells: 6/6 levels left

rFire   . . .      SeeInvis .   a - +0 flail
rCold   . . .      Faith    .   c - +0 buckler
rNeg    . . .      Spirit   .   b - +0 scale mail
rPois   .          Reflect  .   (no helmet)
rElec   .          Harm     .   (no cloak)
rCorr   .          Rampage  .   (no gloves)
Will    .....                   (no boots)
Stlth   ..........              (no amulet)
HPRegen 0.20/turn               e - ring of wizardry
MPRegen 0.11/turn               (no ring)

@: mighty, glowing
A: sense surroundings 1, otherworldly, glowing, explore regen
a: Renounce Religion


You were on level 8 of the Dungeon.
You worshipped Ru.
Ru was noncommittal.
You visited 1 branch of the dungeon, and saw 6 of its levels.

You collected 166 gold pieces.

Inventory:

Hand Weapons
 a - a +0 flail (weapon)
 m - a +0 arbalest
Missiles
 l - 6 poisoned darts (quivered)
Armour
 b - a +0 scale mail (worn)
 c - a +0 buckler (worn)
Jewellery
 e - a ring of wizardry (left hand)
Scrolls
 f - a scroll of immolation
 o - a scroll of magic mapping {unknown}
 p - a scroll of fear {unknown}
Potions
 i - 3 potions of flight {unknown}
 j - a potion of ambrosia {unknown}
 k - 4 potions of curing {unknown}
 n - a potion of degeneration {unknown}


   Skills:
 + Level 4.9 Fighting
 * Level 6.8 Maces & Flails
 - Level 3.6 Armour
 + Level 5.3 Shields


You had 6 spell levels left.
You didn't know any spells.
Your spell library was empty.

Dungeon Overview and Level Annotations

Branches:
Dungeon (5/15)             Temple (0/1) D:4

Altars:
Dithmenos
Ru

Shops:
D:3 [


Innate Abilities, Weirdness & Mutations

You passively map a small area around you.
You are easily found by Zot.
You glow in the dark.
You regain HP and MP as you explore.


Message History

The gnoll shaman is heavily wounded.
The gnoll misses you. You block the gnoll's attack.
The gnoll shaman hits you with a +0 whip!
You barely miss the gnoll shaman.
The gnoll shaman is heavily wounded.
The gnoll hits you from afar with a +0 spear.
The gnoll barely misses you.
The gnoll shaman hits you with a +0 whip.
The gnoll closely misses you.
You feel very mighty all of a sudden.
The gnoll hits you from afar with a +0 spear.
* * * LOW HITPOINT WARNING * * *
You block the gnoll's attack. The gnoll shaman barely misses you.
The gnoll hits you from afar with a +0 spear.
* * * LOW HITPOINT WARNING * * *
You hit the gnoll shaman.
The gnoll shaman is severely wounded.
The gnoll barely misses you.
The gnoll shaman prays to its god.
The gnoll shaman is healed somewhat.
The gnoll hits you from afar with a +0 spear.
* * * LOW HITPOINT WARNING * * *
You sock the gnoll shaman!
The gnoll shaman is almost dead.
The gnoll hits you from afar with a +0 spear.
* * * LOW HITPOINT WARNING * * *
The gnoll hits you from afar with a +0 spear.
* * * LOW HITPOINT WARNING * * *
The gnoll shaman calls upon its god to speed up the gnoll.
The gnoll seems to speed up.
You block the gnoll's attack.
The gnoll shaman utters an invocation to its god.
The gnoll shaman is healed somewhat.
The gnoll hits you but does no damage.
You hear a shout!
You hear a shout!
You hear a croak.
You hear a shout!
You completely miss the gnoll shaman.
The gnoll shaman is severely wounded.
The gnoll hits you from afar with a +0 spear.
* * * LOW HITPOINT WARNING * * *
The gnoll shaman hits you with a +0 whip.
You die...

* * , * ,, * * ** *
* , , , , *
######g# , * *
#g..g.g# ,, , #g# *
* * #g# , , #
##@#######.
#.#####.......... *
###..?.#...########
, #...........# **
...#####..#### , #
* ##... * * * ,
#.... * * #...... *
#......


You could see a gnoll shaman and 2 gnolls.

Vanquished Creatures
  A necrophage (D:4)
  4 hounds
  An orc priest (D:3)
  2 orc wizards
  A gnoll (D:8)
  6 adders
  An ufetubus (D:4)
  A worm (D:2)
  7 orcs
  5 endoplasms
  A giant cockroach (D:3)
  2 goblins
  2 hobgoblins (D:4)
  7 kobolds
  2 quokkas (D:3)
  4 ball pythons
  5 frilled lizards
  2 rats (D:1)
54 creatures vanquished.

Notes
Turn   | Place    | Note
-------+----------+-------------------------------------------
     0 | D:1      | Illumine the Meteoran Fighter began the quest for the Orb.
     0 | D:1      | Reached XP level 1. HP: 19/19 MP: 2/2
   110 | D:1      | Reached skill level 3 in Maces & Flails
   160 | D:1      | Reached XP level 2. HP: 22/26 MP: 3/3
   388 | D:2      | Reached XP level 3. HP: 31/31 MP: 4/4
   472 | D:3      | Reached skill level 4 in Maces & Flails
   496 | D:3      | Found a sacrificial altar of Ru.
   503 | D:3      | Became a worshipper of Ru the Awakened
   598 | D:3      | Reached XP level 4. HP: 39/40 MP: 5/5
   717 | D:3      | Reached XP level 5. HP: 46/46 MP: 6/6
   731 | D:3      | Found Cesmoc's Antique Armour Boutique.
   779 | D:3      | Found a shadowy altar of Dithmenos.
   821 | D:4      | Reached skill level 5 in Maces & Flails
   955 | D:4      | Found a staircase to the Ecumenical Temple.
   999 | D:4      | Noticed a necrophage
  1018 | D:4      | Killed a necrophage
  1019 | D:4      | Reached XP level 6. HP: 40/53 MP: 7/7
  1130 | D:4      | Reached skill level 6 in Maces & Flails
  1130 | D:4      | Reached skill level 5 in Shields
  1302 | D:5      | Entered Level 5 of the Dungeon
  1321 | D:4      | Reached XP level 7. HP: 33/60 MP: 8/8
  1619 | D:5      | You fall into a shaft and drop 3 floors!
  1659 | D:8      | Slain by a gnoll shaman

Illustrated notes

Levels and vault maps discovered:
D:1:      psy_arrival_dodecagon, layout_loops_corners,
          chequers_ecumenical_altar_grove, minmay_misc_feat_tiny,
          minmay_misc_feat_secret_circle, corexii_corridor_pit
D:2:      layout_loops_ring, uniq_crazy_yiuf_cottage
D:3:      layout_loops_ring, general_overflow_altar,
          mainiacjoe_overflow_24_doors, serial_shops, nicolae_shop_crystal,
          dreamdust_wishing_well
D:4:      layout_basic, minmay_temple_entry_mist, minmay_misc_feat_alley,
          dreamdust_princess_bridge
D:5:      corexii_shantytown, layout_cave_pods, mainiacjoe_overflow_tiny_flanked
D:8:      layout_rooms, kennysheep_mini_moat, david_lair_generic,
          kennysheep_boxes

Skill      XL: |  1  2  3  4  5  6 |
---------------+-------------------+-----
Maces & Flails | 3 4 5 6 |  6.8
Shields        | 4 5 |  5.3
Fighting       | 4 |  4.9
Armour         | |  3.6

Action                   |  1- 3 |  4- 6 |  7- 9 || total
-------------------------+-------+-------+-------++-------
Melee: Flail             |    67 |   122 |    40 ||   229
  Use: Scroll            |       |       |     2 ||     2
       Potion            |       |       |     1 ||     1
Armor: Scale mail        |    30 |    52 |    15 ||    97
Dodge: Dodged            |    17 |    47 |    29 ||    93
Block: Buckler           |    16 |    36 |    13 ||    65

Table legend: (Time is in decaauts)
 A = Elapsed time spent in this place.
 B = Non-inter-level travel time spent in this place.
 C = Inter-level travel time spent in this place.
 D = Time resting spent in this place.
 E = Time spent auto-exploring this place.
 F = Levels seen in this place.
 G = Mean time per level.
                   A        B        C        D        E       F      G
               +--------+--------+--------+--------+--------+-----+--------+
         Total |   1704 |   1685 |     19 |    476 |    543 |   6 |  284.0 |
       Dungeon |   1704 |   1685 |     19 |    476 |    543 |   6 |  284.0 |
               +--------+--------+--------+--------+--------+-----+--------+

Top non-repeatable levels by time:
     D:4: 632 daAuts
     D:3: 552 daAuts
     D:2: 215 daAuts
     D:1: 183 daAuts
     D:5: 79 daAuts
     D:8: 41 daAuts
